 Dungeon Crawl Stone Soup version 0.27-a0-1513-g2aaa0cc67b (webtiles) character file.

Game seed: 1999624266416787906

4824 bande the Cleaver (level 10, -3/61 HPs)
             Began as a Gargoyle Fighter on July 9, 2021.
             Slain by Erolcha (9 damage)
             ... on level 9 of the Dungeon.
             The game lasted 00:18:59 (11147 turns).

bande the Cleaver (Gargoyle Fighter)               Turns: 11147, Time: 00:19:00

Health: -3/61      AC: 21    Str: 22    XL:     10   Next: 49%
Magic:  10/10      EV:  7    Int:  9    God:
Gold:   423        SH: 17    Dex: 16    Spells: 8/9 levels left

rFire    + . .     SeeInvis .   a - +1 war axe (vorpal)
rCold    . . .     Faith    .   c - +1 kite shield
rNeg     + . .     Spirit   .   F - +0 chain mail
rPois    ∞         Reflect  +   l - +1 helmet
rElec    +         Harm     .   e - +0 cloak
rCorr    .         Rampage  .   (no gloves)
Will     ++...                  (no boots)
Stlth    ..........             d - amulet of reflection
HPRegen  0.20/turn              r - ring of willpower
MPRegen  0.12/turn              p - +6 ring of dexterity

@: no status effects
A: sickness immunity, AC +7, negative energy resistance 1, electricity
resistance, torment resistance 1, petrification resistance, fire resistance 1,
strong-willed 1
a: no special abilities


You were on level 9 of the Dungeon.
You visited 2 branches of the dungeon, and saw 10 of its levels.
You also visited: Ossuary.

You collected 778 gold pieces.
You spent 355 gold pieces at shops.

Inventory:

Hand Weapons
 a - a +1 vorpal war axe (weapon)
 j - a +0 flail
Missiles
 D - 3 throwing nets (quivered)
Armour
 c - a +1 kite shield (worn)
 e - a +0 cloak (worn)
 l - a +1 helmet (worn)
 C - a +0 tower shield
 F - a +0 chain mail (worn)
Jewellery
 d - an amulet of reflection (around neck)
 f - a ring of protection from cold
 k - a ring of flight
 m - a +6 ring of intelligence
 p - a +6 ring of dexterity (right hand)
 r - a ring of willpower (left hand)
Wands
 b - a wand of digging (3)
 B - a wand of charming (7)
 E - a wand of paralysis (7)
Scrolls
 i - 6 scrolls of teleportation
 q - a scroll of summoning
 x - a scroll of magic mapping
 y - a scroll of enchant weapon
 A - 2 scrolls of fear
Potions
 g - a potion of mutation
 h - a potion of resistance
 n - 3 potions of flight
 o - a potion of haste
 s - a potion of heal wounds
 t - a potion of berserk rage
 u - a potion of invisibility
 v - a potion of brilliance {unknown}
 w - 2 potions of curing
 z - a potion of ambrosia


   Skills:
 + Level 6.5 Fighting
 + Level 9.2 Axes
 + Level 7.6 Armour
 - Level 2.2 Dodging
 + Level 7.6 Shields
 * Level 3.0 Translocations
 * Level 1.8 Evocations


You had 8 spell levels left.
You knew the following spells:

 Your Spells              Type           Power      Damage    Failure   Level
a - Apportation           Tloc           10%        N/A       91%         1

Your spell library contained the following spells:

 Spells                   Type           Power      Damage    Failure   Level
 Animate Skeleton         Necr           0%         N/A       100%        1
 Corona                   Hex            0%         N/A       100%        1
 Summon Small Mammal      Summ           0%         N/A       100%        1
 Ensorcelled Hibernation  Hex/Ice        0%         N/A       100%        2
 Dazzling Flash           Conj/Hex       0%         N/A       100%        3
 Tukima's Dance           Hex            0%         N/A       100%        3
 Iskenderun's Mystic Bla  Conj/Tloc      2%         2d3       100%        4
 Summon Lightning Spire   Summ/Air       0%         N/A       100%        4
 Starburst                Conj/Fire      0%         8x6d3     100%        6
 Storm Form               Tmut/Air       0%         N/A       100%        7
 Maxwell's Capacitive Co  Air            0%         ∞         100%        8


Dungeon Overview and Level Annotations

Branches:
Dungeon (9/15)             Temple (1/1) D:6         Ossuary (visited)
   Lair: D:8-11         Orc: D:9-12

Altars:
Ashenzari
Cheibriados
Dithmenos
Elyvilon
Fedhas
Gozag
Hepliaklqana
Kikubaaqudgha
Makhleb
Nemelex Xobeh
Qazlal
Ru
Sif Muna
Trog
Vehumet
Wu Jian
Xom
Yredelemnul
Zin
The Shining One
Jiyva

Shops:
D:1 :   D:4 [   D:5 ?   D:7 :   D:9 ?

Annotations:
D:4 Ijyb
D:6 1 runed translucent door, Rallik's ghost, novice DrTm
D:9 Erolcha


Innate Abilities, Weirdness & Mutations

You are immune to sickness and miasma.
Your stone body is resilient. (AC +7)
You are immune to poison.
You resist negative energy. (rN+)
You are resistant to electric shocks. (rElec)
You are resistant to unholy torment.
You are immune to petrification.
Your flesh is heat resistant. (rF+)
You are strong-willed. (Will+)


Message History

You block Erolcha's attack. Erolcha hits you with a +0 giant club!
You hit Erolcha.
Erolcha is severely wounded.
Erolcha mumbles some strange words.
Erolcha blinks!
You block Erolcha's attack.
You completely miss Erolcha.
Erolcha is severely wounded.
Erolcha screams, "Erolcha kill you!"
Erolcha mumbles some strange words.
Erolcha flickers and vanishes!
Deactivating autopickup; reactivate with Ctrl-A.
No target in view!
No target in view!
No target in view!
No target in view!
No target in view!
Unknown command.
You hit something.
You hear some strange, mumbled words.
You hear some strange, mumbled words.
Something hits you!
You hear some strange, mumbled words.
A fireball appears from out of thin air!
The fireball explodes!
The fireball engulfs you. You resist.
You hear some strange, mumbled words.
A fireball appears from out of thin air!
The fireball explodes!
The fireball engulfs you! You resist.
* * * LOW HITPOINT WARNING * * *
You feel better.
You hear some strange, mumbled words.
A fireball appears from out of thin air!
The fireball explodes!
The fireball engulfs you. You resist.
You feel better. Something hits you!!
* * * LOW HITPOINT WARNING * * *
You hit something. Something hits you but does no damage.
You closely miss something. You block something's attack.
You miss something. Something hits you!
You die...

#.# ##...## #.#####
#.# ##+## #.# #.#
#.# #.# #.# #.# #.#
#.# ##.## #.# #.#
##...########.# #.#
##...........#.#
####...{.######.#.#
.......@..#.[.....#
####.....##.###.###
##.......# #.#
##...#### #.# ##..#
#.# #... ..# #.###
### #.# #.#


There were no monsters in sight!

Vanquished Creatures
  Harold (D:8)
  Pikel (D:7)
  A hornet (D:9)
  A shadow (D:9)
  2 steam dragons
  Menkaure (D:4)
  An acid dragon (D:8)
  Edmund (D:5)
  2 water moccasins
  2 ice beasts (D:5)
  2 sky beasts (D:6)
  2 necrophages
  3 centaurs
  2 ogres
  A bullfrog (D:7)
  A gnoll sergeant (D:5)
  5 scorpions
  A water moccasin zombie (D:5)
  A wyvern skeleton (D:7)
  A howler monkey (D:8)
  3 hounds
  A centaur zombie (D:6)
  2 centaur skeletons
  A bullfrog skeleton (D:4)
  A gnoll shaman (D:8)
  2 orc priests (D:6)
  3 jellies
  Jessica (D:2)
  4 iguanas
  4 orc wizards
  A hound skeleton (D:4)
  9 mummies
  A howler monkey zombie (D:8)
  Robin (D:4)
  8 gnolls
  7 adders
  2 ufetubi
  3 worms
  5 dart slugs
  17 orcs
  7 ball pythons
  7 endoplasms
  4 giant cockroaches
  16 goblins
  7 hobgoblins
  7 jackals
  6 kobolds
  2 quokkas
  4 bats
  4 frilled lizards
  2 gnoll zombies (Ossuary)
  A hobgoblin zombie (Ossuary)
  A kobold zombie (Ossuary)
  4 orc zombies (Ossuary)
  10 rats
190 creatures vanquished.

Vanquished Creatures (others)
  A human (D:3)
1 creature vanquished.

Grand Total: 191 creatures vanquished

Notes
Turn   | Place    | Note
-------+----------+-------------------------------------------
     0 | D:1      | bande the Gargoyle Fighter began the quest for the Orb.
     0 | D:1      | Reached XP level 1. HP: 14/14 MP: 1/1
   139 | D:1      | Reached XP level 2. HP: 18/19 MP: 2/2
   632 | D:1      | Found a faded altar of an unknown god.
   633 | D:1      | Found Holleeph's Book Emporium.
   970 | D:1      | Reached skill level 2 in Axes
  1176 | D:2      | Reached XP level 3. HP: 14/24 MP: 3/3
  1910 | D:2      | Noticed Jessica
  1920 | D:2      | Killed Jessica
  1921 | D:2      | Reached XP level 4. HP: 20/29 MP: 4/4
  2768 | D:3      | Found an ancient bone altar of Kikubaaqudgha.
  2769 | D:3      | Noticed a human
  2773 | D:3      | Killed a human
  3156 | D:3      | Reached XP level 5. HP: 32/33 MP: 5/5
  3283 | D:3      | Noticed an ogre
  3298 | D:3      | Killed an ogre
  3299 | D:3      | Reached skill level 3 in Axes
  3906 | D:4      | Found an ornate altar of the Wu Jian Council.
  3976 | D:4      | Found Poqan's Armour Shop.
  4029 | D:4      | Reached XP level 6. HP: 38/38 MP: 6/6
  4348 | D:4      | Found a shadowy altar of Dithmenos.
  4419 | D:4      | Noticed Menkaure
  4419 | D:4      | Noticed Robin
  4434 | D:4      | Gained mutation: You are strong-willed. (Will+) [potion of
                  | mutation]
  4434 | D:4      | Gained mutation: Your flesh is heat resistant. (rF+)
                  | [potion of mutation]
  4439 | D:4      | Reached skill level 4 in Axes
  4458 | D:4      | Reached skill level 1 in Dodging
  4885 | D:4      | Reached XP level 7. HP: 28/44 MP: 7/7
  4890 | D:4      | Killed Robin
  5082 | D:4      | Killed Menkaure
  5447 | D:4      | Reached skill level 5 in Axes
  5447 | D:4      | Reached skill level 5 in Armour
  5448 | D:4      | Reached skill level 5 in Shields
  5573 | D:4      | Found a stormy altar of Qazlal.
  5937 | D:4      | Noticed a moth of wrath
  5940 | D:4      | Found a bloodstained altar of Trog.
  5977 | D:4      | Noticed Ijyb
  6291 | D:5      | Entered Level 5 of the Dungeon
  6323 | D:5      | Reached XP level 8. HP: 45/48 MP: 8/8
  6386 | D:5      | Reached skill level 6 in Axes
  6489 | D:5      | Reached skill level 5 in Fighting
  6529 | D:5      | Found a basalt altar of Yredelemnul.
  6599 | D:5      | Found Yvverch's Magic Scroll Emporium.
  6607 | D:5      | Bought a scroll of magic mapping for 35 gold pieces
  6607 | D:5      | Bought a scroll of identify for 20 gold pieces
  6985 | D:5      | Noticed Edmund
  7005 | D:5      | Killed Edmund
  7448 | D:6      | Found a sand-covered staircase.
  7452 | Ossuary  | Entered an ossuary
  7510 | Ossuary  | Reached skill level 7 in Axes
  7535 | Ossuary  | Reached XP level 9. HP: 54/54 MP: 9/9
  7720 | D:6      | Found a snail-covered altar of Cheibriados.
  7884 | D:6      | Found a runed translucent door.
  7885 | D:6      | Noticed Rallik's ghost (novice DrTm)
  7968 | D:6      | Found a staircase to the Ecumenical Temple.
  8039 | Temple   | Entered the Ecumenical Temple
  8733 | D:7      | Reached skill level 8 in Axes
  8782 | D:7      | Found Dumyavoo's Self-Improvement Boutique.
  8823 | D:7      | Found a broken altar of Ashenzari.
  8899 | D:7      | Learned a level 1 spell: Apportation
  8902 | D:7      | Noticed Pikel
  8923 | D:7      | Killed Pikel
  8924 | D:7      | Reached skill level 1 in Translocations
  9684 | D:8      | Found an opulent altar of Gozag.
  9698 | D:8      | Reached XP level 10. HP: 35/60 MP: 10/10
 10258 | D:8      | Noticed Harold
 10279 | D:8      | Killed Harold
 10280 | D:8      | Reached skill level 9 in Axes
 10280 | D:8      | Reached skill level 1 in Evocations
 11016 | D:9      | Found Weuro's Magic Scroll Boutique.
 11025 | D:9      | Bought a scroll of brand weapon for 300 gold pieces
 11120 | D:9      | Noticed Erolcha
 11147 | D:9      | Slain by Erolcha

Illustrated notes

Levels and vault maps discovered:
D:1:      mrwooster_arrival_statue, layout_basic, serial_shops, shop_coins,
          basic_ecumenical_altar, patterned_corridor
D:2:      layout_basic, minmay_misc_feat_four_crosses, hangedman_glass_teeth,
          hex_tiny, minmay_distorted, uniq_jessica
D:3:      layout_basic, tgw_kikubaaqudgha
D:4:      layout_loops_ring, grunt_qazlal_sundering, nzn_wu_jian_contemplation,
          tgw_trog, nicolae_dithmenos_shadow_blocks, serial_shops,
          shop_fountains, minmay_liquid_box, kennysheep_generic_room_2,
          uniq_ijyb, uniq_menkaure, uniq_robin
D:5:      layout_basic, general_overflow_altar, serial_shops,
          nicolae_diamond_shop, uniq_edmund
D:6:      layout_basic, slow_altar_1, minmay_temple_entry_fiery,
          enter_ossuary_5, ebering_ghost_reflecting_pool
D:7:      layout_rooms, lemuel_crystal_altar, nicolae_shop_self_help, uniq_pikel
D:8:      layout_loops_cross, nicolae_gozag_cash_rules_everything_around_me,
          uniq_harold
D:9:      layout_loops_corners, serial_shops, nicolae_stop_n_shop_2,
          minivault_7, uniq_erolcha
Temple:   pf_slime_end_temple

Skill      XL: |  1  2  3  4  5  6  7  8  9 10 |
---------------+-------------------------------+-----
Axes           | 2 3 4 5 7 8 9 |  9.2
Armour         | 4 5 6 7 |  7.6
Fighting       | 4 5 6 |  6.5
Shields        | 4 5 6 7 |  7.6
Dodging        | 1 2 |  2.2
Translocations | 2 3 |  3.0
Evocations     | 1 |  1.8

Action                   |  1- 3 |  4- 6 |  7- 9 | 10-12 || total
-------------------------+-------+-------+-------+-------++-------
Melee: War axe           |    98 |   139 |   378 |    86 ||   701
  Use: Scroll            |     1 |     5 |     4 |     5 ||    15
       Potion            |       |     4 |     5 |     3 ||    12
Armor: Scale mail        |    50 |    94 |   165 |    11 ||   320
       Chain mail        |       |       |       |    21 ||    21
Dodge: Dodged            |    35 |    56 |   134 |    15 ||   240
Block: Kite shield       |    65 |    85 |   239 |    76 ||   465
       Reflection        |       |       |       |     3 ||     3

Table legend: (Time is in decaauts)
 A = Elapsed time spent in this place.
 B = Non-inter-level travel time spent in this place.
 C = Inter-level travel time spent in this place.
 D = Time resting spent in this place.
 E = Time spent auto-exploring this place.
 F = Levels seen in this place.
 G = Mean time per level.
                   A        B        C        D        E       F      G
               +--------+--------+--------+--------+--------+-----+--------+
         Total |  11434 |  11277 |    157 |   3188 |   5662 |  11 | 1039.5 |
       Dungeon |  11046 |  10889 |    157 |   3168 |   5430 |   9 | 1227.3 |
        Temple |    154 |    154 |      0 |      0 |    138 |   1 |  154.0 |
       Ossuary |    233 |    233 |      0 |     20 |     94 |   1 |  233.0 |
               +--------+--------+--------+--------+--------+-----+--------+

Top non-repeatable levels by time:
     D:4: 2518 daAuts
     D:2: 1629 daAuts
     D:3: 1238 daAuts
     D:8: 1235 daAuts
     D:1: 1073 daAuts
     D:5: 1071 daAuts
     D:6: 1030 daAuts
     D:7: 782 daAuts
     D:9: 467 daAuts
 Ossuary: 233 daAuts
  Temple: 154 daAuts
